 Dungeon Crawl Stone Soup version 0.31.0-11-ge490571c62 (webtiles) character file.

Game seed: 11444333374390274969

33336 qw the Spry (level 13, -5/65 HPs)
             Began as a Spriggan Hunter on Feb 4, 2024.
             Was an Elder of Okawaru.
             Slain by a minotaur (21 damage)
             ... in a Gauntlet.
             The game lasted 00:08:31 (13478 turns).

qw the Spry (Spriggan Hunter)                      Turns: 13478, Time: 00:08:32

Health: -5/65      AC:  5    Str:  7    XL:     13   Next: 36%
Magic:  18/21      EV: 43    Int: 12    God:    Okawaru [****..]
Gold:   924        SH:  0    Dex: 31    Spells: 12/12 levels left

rFire   . . .        n - +4 orcbow
rCold   + . .        (shield currently unavailable)
rNeg    . . .        h - +0 robe "Keibay" {rC+ Dex+3}
rPois   +            k - +2 hat {Stlth+}
rElec   .            q - +0 cloak
rCorr   .            (gloves unavailable)
SInv    +            (boots unavailable)
Will    ++...        (no amulet)
Stlth   ++++         o - ring of poison resistance
HPRegen 0.30/turn    j - +6 ring of dexterity
MPRegen 0.17/turn

%: no teleportation
@: finesse-ful, very quick
A: very small, no large weapons, unfitting armour, see invisible, speed 3
a: Renounce Religion, Heroism, Finesse


You were in a Gauntlet.
You worshipped Okawaru.
Okawaru was greatly pleased with you.
You visited 2 branches of the dungeon, and saw 15 of its levels.
You also visited: Gauntlet.

You collected 969 gold pieces.
You spent 45 gold pieces at shops.


Innate Abilities, Weirdness & Mutations

You are very small and have problems with some larger weapons.
You are too small for most types of armour.
You have supernaturally acute eyesight. (SInv)
You cover ground extremely quickly. (Speed+++)


   Skills:
 - Level 6.0 Fighting
 + Level 14.5 Ranged Weapons
 - Level 18.0 Dodging
 - Level 1.5 Stealth
 - Level 10.0 Invocations


You had 12 spell levels left.
You didn't know any spells.
Your spell library was empty.

Inventory:

Hand Weapons
 n - a +4 orcbow (weapon)
Armour
 h - the +0 robe "Keibay" (worn) {rC+ Dex+3}
   (You acquired it on level 3 of the Dungeon)

   Dex+3:     It affects your dexterity (+3).
   rC+:       It protects you from cold.
 k - a +2 hat of stealth (worn)
 q - a +0 cloak (worn)
 t - a +0 troll leather armour
Jewellery
 j - a +6 ring of dexterity (right hand)
 o - a ring of poison resistance (left hand)
 Y - the ring "Ecaabb" {rN+ Slay+3}
   (You found it on level 5 of the Dungeon)

   [ring of positive energy]

   Slay+3:    It affects your accuracy & damage with ranged weapons and melee
   (+3).
   rN+:       It protects you from negative energy.
Wands
 a - a wand of quicksilver (11)
 d - a wand of digging (8)
 s - a wand of roots (19)
 u - a wand of mindburst (4)
Scrolls
 e - 2 scrolls of teleportation
 i - 3 scrolls of identify
Potions
 b - 2 potions of might
 c - 2 potions of mutation
 f - a potion of magic
 g - 4 potions of curing
 l - 2 potions of enlightenment
 p - a potion of resistance
 r - a potion of haste

Dungeon Overview and Level Annotations

Branches:
Dungeon (10/15)            Temple (0/1) D:5            Lair (5/5) D:10
 Shoals (0/4) Lair:2        Snake (0/4) Lair:2        Slime (0/5) Lair:4
    Orc (0/2) D:10        Gauntlet (1/1)

Altars:
Fedhas
Hepliaklqana
Kikubaaqudgha
Okawaru
Sif Muna
Vehumet
Xom
Yredelemnul
Zin
The Shining One
Jiyva

Shops:
D:3 (

Annotations:
D:9 6 transporters
D:10 1 transporter Gauntlet 8 transporters


Message History

You shoot an arrow. The arrow hits the minotaur.
The minotaur is heavily wounded.
The minotaur completely misses you.
The minotaur gores you but does no damage.
You shoot an arrow. The arrow hits the minotaur.
The minotaur is heavily wounded.
You shoot an arrow.
The arrow hits the minotaur but does no damage.
The minotaur is heavily wounded.
The minotaur hits you!! The minotaur completely misses you.
You shoot an arrow. The arrow hits the minotaur!
The minotaur is severely wounded.
You shoot an arrow.
The arrow hits the minotaur but does no damage.
The minotaur is severely wounded.
You shoot an arrow.
The arrow hits the minotaur but does no damage.
The minotaur is severely wounded.
The minotaur completely misses you. x2
You shoot an arrow. The arrow hits the minotaur.
The minotaur is severely wounded.
You shoot an arrow.
The arrow hits the minotaur but does no damage.
The minotaur is severely wounded.
The minotaur hits you!! The minotaur gores you.
You shoot an arrow. The arrow barely misses the minotaur.
You shoot an arrow.
The arrow hits the minotaur but does no damage.
The minotaur is severely wounded.
You shoot an arrow. The arrow barely misses the minotaur.
The minotaur completely misses you. x2
You shoot an arrow. The arrow hits the minotaur.
The minotaur is severely wounded.
You shoot an arrow. The arrow hits the minotaur!
The minotaur is almost dead.
You shoot an arrow.
The arrow hits the minotaur but does no damage.
The minotaur is almost dead.
The minotaur hits you!!
You die...

.### .#8# .###
.##### .#~8~#
.#...##########
.#.8.#........####
.#...#.######....#
.#.8.#.# ####@#
.#...#.# #H#
.#...#.# ..#
~#.^.#.# .#.#
\#.....# ..#.#
~#.^.### }# #.#
.#...# ## #.#
.#...# #.# .#.8.#


You could see a minotaur.

Vanquished Creatures
  A great orb of eyes (Gauntlet)
  2 hydras (Lair:4)
  Erica (D:8)
  5 death yaks (Lair:4)
  Urug (Lair:1)
  A glowing orange brain (Gauntlet)
  A lindwurm (Lair:3)
  Pikel (D:6)
  2 harpies (Lair:2)
  4 ugly things (Gauntlet)
  A salamander (Lair:2)
  5 elephants (Lair:3)
  A manticore (D:8)
  5 black mambas
  Maggie (D:7)
  A torpor snail (Lair:4)
  10 cane toads
  6 komodo dragons
  3 trolls (D:10)
  3 polar bears (Lair:4)
  12 blink frogs
  Prince Ribbit (D:7)
  A wyvern (Lair:1)
  A shadow (D:10)
  21 yaks
  A vampire (D:10)
  4 steam dragons
  3 basilisks
  12 water moccasins
  3 sky beasts (D:8)
  3 orc warriors
  A black bear (D:8)
  5 ogres
  2 ice beasts
  5 wolves
  2 centaurs (D:8)
  A phantom (D:4)
  A kobold brigand (D:9)
  14 bullfrogs
  4 gnoll sergeants (D:10)
  4 scorpions
  A wyvern zombie (D:5)
  3 necrophages (D:5)
  A wight (D:5)
  A killer bee (D:4)
  3 electric eels (D:10)
  3 lava snakes (Lair:2)
  4 bullfrog zombies (D:5)
  12 hounds
  2 jellies (D:6)
  2 bombardier beetles
  A gnoll bouda (D:6)
  A human zombie (D:5)
  6 orc priests
  2 sleepcaps
  7 iguanas
  8 orc wizards
  2 hound zombies (D:5)
  6 gnolls
  5 adders
  A river rat (D:4)
  A shadow imp (D:7)
  2 white imps
  6 dart slugs
  4 ribbon worms
  28 orcs
  9 endoplasms
  5 giant cockroaches
  6 hobgoblins
  A jackal (D:4)
  11 kobolds
  A quokka (D:1)
  7 ball pythons
  4 bats
  2 frilled lizards
  8 goblins
  3 rats (D:2)
325 creatures vanquished.

Vanquished Creatures (others)
  A sky beast (D:8)
1 creature vanquished.

Grand Total: 326 creatures vanquished

Notes
Turn   | Place    | Note
-------+----------+-------------------------------------------
     0 | D:1      | qw the Spriggan Hunter began the quest for the Orb.
     0 | D:1      | Reached XP level 1. HP: 10/10 MP: 2/2
     0 | D:1      | 0 ||| qw: Version: 0.3-a-160-g6735b56
     0 | D:1      | 0 ||| qw: Game counter: 5922
     0 | D:1      | 0 ||| qw: Melee chars always use a shield: true
     0 | D:1      | 0 ||| qw: God list: Okawaru
     0 | D:1      | 0 ||| qw: Allow faded altars: false
     0 | D:1      | 0 ||| qw: Do Orc after clearing Dungeon:15 true
     0 | D:1      | 0 ||| qw: Do second Lair branch before Depths: true
     0 | D:1      | 0 ||| qw: Lair rune preference: random
     0 | D:1      | 0 ||| qw: Goals: Normal
     0 | D:1      | 0 ||| PLANNING D:1-11
     1 | D:1      | Noticed an electric eel
    44 | D:1      | Reached skill level 3 in Dodging
   144 | D:1      | Reached XP level 2. HP: 14/14 MP: 3/3
   179 | D:1      | Reached skill level 4 in Dodging
   239 | D:1      | Found a faded altar of an unknown god.
   566 | D:1      | 566 ||| READING scroll labelled INORHA JUBLEBOEMIK.
   566 | D:1      | 566 ||| ENCHANTING +0 shortbow.
   567 | D:1      | 567 ||| DROPPING scroll of butterflies.
   661 | D:2      | Reached XP level 3. HP: 18/18 MP: 4/4
  1019 | D:2      | 1019 ||| READING scroll labelled ZOTYOPIESTRA.
  1019 | D:2      | 1019 ||| IDENTIFYING metallic amethyst potion
  1020 | D:2      | 1020 ||| READING scroll labelled OGOIWK VIHE.
  1121 | D:2      | 1121 ||| READING scroll labelled FOERUPHELOY.
  1122 | D:2      | 1122 ||| READING scroll labelled VEOTTYSUHE.
  1123 | D:2      | 1123 ||| DRINKING 2 bubbling cyan potions.
  1124 | D:2      | 1124 ||| DRINKING 2 sapphire potions.
  1125 | D:2      | 1125 ||| DROPPING potion of invisibility.
  1127 | D:2      | 1127 ||| Stepping ~*~*~tactically~*~*~ (cloud).
  1134 | D:2      | HP: 4/18 [poisoned by you (poison gas)]
  1212 | D:3      | Found an iron altar of Okawaru.
  1232 | D:3      | 1232 ||| FLEEEEING.
  1300 | D:3      | 1300 ||| PLANNING OKAWARU WORSHIP
  1362 | D:3      | Found a shimmering blue altar of Sif Muna.
  1363 | D:3      | 1363 ||| READING scroll labelled WADDEB XO YSY.
  1403 | D:3      | Found a glowing golden altar of the Shining One.
  1424 | D:3      | Became a worshipper of Warmaster Okawaru
  1425 | D:3      | 1425 ||| PLANNING D:1-11
  1616 | D:3      | Reached XP level 4. HP: 22/22 MP: 5/5
  1669 | D:3      | Found a faded altar of an unknown god.
  1676 | D:3      | Found a blossoming altar of Fedhas.
  1708 | D:3      | Found Rojuwn's Weapon Emporium.
  1713 | D:3      | 1713 ||| BUYING +0 orcbow (45 gold).
  1713 | D:3      | Bought a +0 orcbow for 45 gold pieces
  1713 | D:3      | 1713 ||| SWAPPING to +0 orcbow.
  1714 | D:3      | 1714 ||| DROPPING +0 shortbow.
  2113 | D:3      | 2113 ||| READING scroll of identify.
  2113 | D:3      | 2113 ||| IDENTIFYING bubbling coppery potion
  2114 | D:3      | 2114 ||| READING scroll labelled XIUSTU ILUROCZESY.
  2119 | D:3      | 2119 ||| READING scroll labelled FOARYEC VUVVU.
  2120 | D:3      | 2120 ||| READING scroll labelled BEGRA JUPSODAH.
  2120 | D:3      | 2120 ||| ENCHANTING +0 orcbow.
  2121 | D:3      | 2121 ||| READING scroll labelled CAM HUXOEDDA.
  2121 | D:3      | Identified a scroll of acquirement
  2121 | D:3      | 2121 ||| ACQUIRING +0 robe "Keibay" {rC+ Dex+3}
  2121 | D:3      | Acquired the +0 robe "Keibay" {rC+ Dex+3}
  2130 | D:4      | 2130 ||| PLANNING SEWER
  2131 | D:4      | Reached skill level 5 in Dodging
  2172 | D:4      | Reached XP level 5. HP: 16/26 MP: 6/6
  2272 | D:4      | 2272 ||| DRINKING 2 potions of curing.
  2272 | D:4      | 2272 ||| (to cure confusion)
  2435 | D:4      | 2435 ||| READING scroll of acquirement.
  2435 | D:4      | 2435 ||| ACQUIRING +1 hat of stealth
  2435 | D:4      | Acquired a +1 hat of stealth
  2437 | D:4      | 2437 ||| UPGRADING to +1 hat of stealth.
  2520 | D:4      | Reached skill level 6 in Ranged Weapons
  2538 | D:4      | Reached XP level 6. HP: 24/30 MP: 7/7
  2549 | D:4      | 2549 ||| FLEEEEING.
  2573 | D:4      | Reached * piety under Okawaru
  2577 | D:4      | Reached skill level 6 in Dodging
  2596 | D:4      | Reached skill level 1 in Invocations
  2696 | D:4      | 2696 ||| READING scroll labelled HIPLIMP QIJE.
  2705 | D:4      | HP: 7/30 [poisoned by a killer bee]
  2948 | D:4      | Found a glowing silver altar of Zin.
  2949 | D:4      | 2949 ||| RIP SEWER
  2949 | D:4      | 2949 ||| PLANNING D:1-11
  2949 | D:4      | 2949 ||| READING 2 scrolls of identify.
  2949 | D:4      | 2949 ||| IDENTIFYING lumpy white potion
  2950 | D:4      | 2950 ||| READING scroll of identify.
  2950 | D:4      | 2950 ||| IDENTIFYING smoky white potion
  2951 | D:4      | 2951 ||| READING scroll labelled CIPACKIMEA.
  2956 | D:4      | 2956 ||| FLEEEEING.
  2971 | D:4      | 2971 ||| FLEEEEING.
  3072 | D:4      | 3072 ||| DRINKING 2 glowing ruby potions.
  3073 | D:4      | 3073 ||| FLEEEEING.
  3074 | D:4      | 3074 ||| FLEEEEING.
  3075 | D:4      | 3075 ||| FLEEEEING.
  3076 | D:4      | 3076 ||| FLEEEEING.
  3204 | D:4      | 3204 ||| DROPPING potion of degeneration.
  3205 | D:4      | 3205 ||| DROPPING potion of berserk rage.
  3235 | D:3      | 3235 ||| UPGRADING to +0 robe "Keibay" {rC+ Dex+3}.
  3245 | D:3      | 3245 ||| DROPPING +0 robe.
  3302 | D:4      | Reached XP level 7. HP: 31/35 MP: 9/9
  3541 | D:5      | Entered Level 5 of the Dungeon
  3545 | D:5      | Reached skill level 3 in Invocations
  3567 | D:5      | 3567 ||| STAIRDANCE
  3576 | D:4      | Reached skill level 7 in Dodging
  3714 | D:5      | Reached ** piety under Okawaru
  3726 | D:5      | Found a staircase to the Ecumenical Temple.
  3804 | D:5      | Identified the ring "Ecaabb" {rN+ Slay+3}
  3814 | D:5      | 3814 ||| RETREEEEATING.
  3815 | D:5      | 3815 ||| RETREEEEATING.
  3905 | D:5      | Reached XP level 8. HP: 39/39 MP: 12/12
  3998 | D:5      | Found a basalt altar of Yredelemnul.
  4014 | D:5      | Reached skill level 8 in Dodging
  4134 | D:5      | Reached *** piety under Okawaru
  4135 | D:5      | Reached skill level 3 in Fighting
  4353 | D:5      | 4353 ||| UPGRADING to ring "Ecaabb" {rN+ Slay+3}.
  4354 | D:5      | 4354 ||| DRINKING 2 metallic coppery potions.
  4355 | D:5      | 4355 ||| DROPPING potion of attraction.
  4504 | D:6      | Reached skill level 9 in Dodging
  4717 | D:6      | Reached XP level 9. HP: 44/44 MP: 13/13
  4726 | D:6      | Noticed Pikel
  4727 | D:6      | 4727 ||| RETREEEEATING.
  4728 | D:6      | 4728 ||| RETREEEEATING.
  4729 | D:6      | 4729 ||| ZAPPING wand of quicksilver (10) at -6,-1 (Pikel;
                  | floor).
  4731 | D:6      | 4731 ||| ZAPPING wand of quicksilver (9) at -4,-1 (Pikel;
                  | floor).
  4732 | D:6      | 4732 ||| INVOKING Heroism.
  4737 | D:6      | Killed Pikel
  4738 | D:6      | Reached skill level 9 in Ranged Weapons
  5046 | D:6      | 5046 ||| UPGRADING to +0 cloak.
  5051 | D:6      | 5051 ||| UPGRADING to +6 ring of dexterity.
  5052 | D:6      | 5052 ||| DROPPING wand of flame (14).
  5066 | D:7      | Reached **** piety under Okawaru
  5067 | D:7      | Reached skill level 10 in Dodging
  5115 | D:7      | Noticed Maggie
  5116 | D:7      | 5116 ||| INVOKING Finesse.
  5127 | D:7      | Killed Maggie
  5128 | D:7      | Reached skill level 11 in Dodging
  5186 | D:7      | 5186 ||| READING scroll labelled ZIEDOBB TAGESH.
  5210 | D:7      | Noticed Prince Ribbit
  5212 | D:7      | Killed Prince Ribbit
  5483 | D:7      | 5483 ||| READING scroll of enchant armour.
  5483 | D:7      | 5483 ||| ENCHANTING +1 hat of stealth.
  5648 | D:7      | 5648 ||| DRINKING 2 pink potions.
  5649 | D:7      | 5649 ||| DRINKING 2 potions of curing.
  5649 | D:7      | 5649 ||| (to cure confusion)
  5650 | D:7      | 5650 ||| DROPPING potion of ambrosia.
  5653 | D:8      | Noticed a manticore
  5654 | D:8      | 5654 ||| INVOKING Finesse.
  5655 | D:8      | 5655 ||| INVOKING Finesse.
  5661 | D:8      | Killed a manticore
  5720 | D:8      | Found a hazy altar of Hepliaklqana.
  5721 | D:8      | Found a shimmering altar of Xom.
  5721 | D:8      | Noticed an unseen horror
  5722 | D:8      | Noticed a spectral ugly thing
  5722 | D:8      | Noticed an unseen horror
  5756 | D:8      | Noticed Erica
  5757 | D:8      | 5757 ||| INVOKING Finesse.
  5759 | D:8      | 5759 ||| INVOKING Finesse.
  5770 | D:8      | Killed Erica
  5771 | D:8      | Reached skill level 12 in Dodging
  5771 | D:8      | Reached skill level 6 in Invocations
  5771 | D:8      | Reached XP level 10. HP: 49/49 MP: 10/15
  5822 | D:8      | Reached ***** piety under Okawaru
  5841 | D:8      | 5841 ||| FLEEEEING.
  5842 | D:8      | 5842 ||| FLEEEEING.
  5844 | D:8      | 5844 ||| FLEEEEING.
  5845 | D:8      | 5845 ||| FLEEEEING.
  5846 | D:8      | 5846 ||| FLEEEEING.
  5847 | D:8      | 5847 ||| FLEEEEING.
  5848 | D:8      | 5848 ||| FLEEEEING.
  5849 | D:8      | 5849 ||| FLEEEEING.
  5864 | D:8      | 5864 ||| FLEEEEING.
  5865 | D:8      | 5865 ||| FLEEEEING.
  5866 | D:8      | 5866 ||| FLEEEEING.
  5867 | D:8      | 5867 ||| FLEEEEING.
  5868 | D:8      | 5868 ||| FLEEEEING.
  5869 | D:8      | 5869 ||| FLEEEEING.
  5870 | D:8      | 5870 ||| FLEEEEING.
  5871 | D:8      | 5871 ||| FLEEEEING.
  5872 | D:8      | 5872 ||| FLEEEEING.
  5873 | D:8      | 5873 ||| FLEEEEING.
  5877 | D:8      | 5877 ||| FLEEEEING.
  5878 | D:8      | 5878 ||| FLEEEEING.
  5879 | D:8      | 5879 ||| FLEEEEING.
  5880 | D:8      | 5880 ||| FLEEEEING.
  5881 | D:8      | 5881 ||| FLEEEEING.
  5882 | D:8      | 5882 ||| FLEEEEING.
  5883 | D:8      | 5883 ||| FLEEEEING.
  5884 | D:8      | 5884 ||| FLEEEEING.
  5885 | D:8      | 5885 ||| FLEEEEING.
  5886 | D:8      | 5886 ||| FLEEEEING.
  5887 | D:8      | 5887 ||| FLEEEEING.
  5888 | D:8      | 5888 ||| FLEEEEING.
  5890 | D:8      | 5890 ||| FLEEEEING.
  5891 | D:8      | 5891 ||| FLEEEEING.
  5893 | D:8      | 5893 ||| FLEEEEING.
  5895 | D:8      | 5895 ||| FLEEEEING.
  5900 | D:8      | 5900 ||| FLEEEEING.
  5901 | D:8      | 5901 ||| FLEEEEING.
  5902 | D:8      | 5902 ||| FLEEEEING.
  5903 | D:8      | 5903 ||| FLEEEEING.
  5904 | D:8      | 5904 ||| FLEEEEING.
  5905 | D:8      | 5905 ||| FLEEEEING.
  6013 | D:8      | 6013 ||| RETREEEEATING.
  6036 | D:8      | 6036 ||| RETREEEEATING.
  6037 | D:8      | 6037 ||| RETREEEEATING.
  6307 | D:8      | Reached skill level 13 in Dodging
  6311 | D:8      | 6311 ||| Stepping ~*~*~tactically~*~*~ (cloud).
  6313 | D:8      | 6313 ||| Stepping ~*~*~tactically~*~*~ (cloud).
  6314 | D:8      | 6314 ||| Stepping ~*~*~tactically~*~*~ (cloud).
  6520 | D:8      | 6520 ||| DROPPING +6 ring of strength.
  6521 | D:8      | 6521 ||| DRINKING 2 smoky pink potions.
  6522 | D:8      | 6522 ||| DRINKING 2 amethyst potions.
  6538 | D:9      | Found a transporter.
  6540 | D:9      | Found a transporter.
  6596 | D:9      | Found a transporter.
  6599 | D:9      | Found a transporter.
  6600 | D:9      | Found a transporter.
  6600 | D:9      | Found a transporter.
  6655 | D:9      | Found an ancient bone altar of Kikubaaqudgha.
  6711 | D:9      | 6711 ||| INVOKING Finesse.
  6869 | D:9      | 6869 ||| RETREEEEATING.
  6870 | D:9      | 6870 ||| INVOKING Finesse.
  7084 | D:9      | 7084 ||| Stepping ~*~*~tactically~*~*~ (cloud).
  7178 | D:10     | Entered Level 10 of the Dungeon
  7194 | D:10     | Found a radiant altar of Vehumet.
  7240 | D:10     | 7240 ||| Stepping ~*~*~tactically~*~*~ (cloud).
  7355 | D:10     | Received a gift from Okawaru
  7356 | D:10     | Reached XP level 11. HP: 49/53 MP: 18/18
  7406 | D:10     | 7406 ||| RETREEEEATING.
  7408 | D:10     | 7408 ||| RETREEEEATING.
  7409 | D:10     | 7409 ||| RETREEEEATING.
  7416 | D:10     | 7416 ||| RETREEEEATING.
  7417 | D:10     | 7417 ||| RETREEEEATING.
  7418 | D:10     | 7418 ||| RETREEEEATING.
  7419 | D:10     | 7419 ||| RETREEEEATING.
  7494 | D:10     | Found a staircase to the Lair.
  7502 | D:10     | Reached skill level 9 in Invocations
  7821 | D:10     | Found a staircase to the Orcish Mines.
  7822 | D:10     | 7822 ||| RETREEEEATING.
  7823 | D:10     | 7823 ||| RETREEEEATING.
  8188 | D:10     | Found a transporter.
  8208 | D:10     | 8208 ||| PLANNING LAIR
  8208 | D:10     | 8208 ||| DROPPING +0 steam dragon scales.
  8209 | D:10     | 8209 ||| UPGRADING to ring of poison resistance.
  8211 | D:10     | 8211 ||| READING scroll of identify.
  8211 | D:10     | 8211 ||| IDENTIFYING bubbling ruby potion
  8236 | Lair:1   | Entered Level 1 of the Lair of Beasts
  8269 | Lair:1   | Noticed Urug
  8270 | Lair:1   | 8270 ||| INVOKING Finesse.
  8289 | Lair:1   | Killed Urug
  8290 | Lair:1   | 8290 ||| FLEEEEING.
  8500 | Lair:1   | Received a gift from Okawaru
  8501 | Lair:1   | Reached skill level 14 in Dodging
  9236 | Lair:2   | HP: 6/53 [komodo dragon (25)]
  9237 | Lair:2   | 9237 ||| DRINKING 2 potions of heal wounds.
  9436 | Lair:2   | Found a staircase to the Shoals.
  9436 | Lair:2   | Noticed a harpy
  9436 | Lair:2   | Noticed a harpy
  9437 | Lair:2   | 9437 ||| INVOKING Finesse.
  9452 | Lair:2   | Killed a harpy
  9453 | Lair:2   | Reached skill level 12 in Ranged Weapons
  9457 | Lair:2   | Killed a harpy
  9670 | Lair:2   | 9670 ||| RETREEEEATING.
  9671 | Lair:2   | 9671 ||| RETREEEEATING.
  9672 | Lair:2   | 9672 ||| RETREEEEATING.
  9673 | Lair:2   | 9673 ||| RETREEEEATING.
  9674 | Lair:2   | 9674 ||| RETREEEEATING.
  9772 | Lair:2   | 9772 ||| READING scroll of enchant weapon.
  9772 | Lair:2   | 9772 ||| ENCHANTING +1 orcbow.
  9964 | Lair:2   | Found a staircase to the Snake Pit.
  9986 | Lair:2   | Received a gift from Okawaru
  9987 | Lair:2   | 9987 ||| FLEEEEING.
 10358 | Lair:2   | 10358 ||| READING scroll of identify.
 10358 | Lair:2   | 10358 ||| IDENTIFYING fuming grey potion
 10359 | Lair:2   | 10359 ||| READING scroll labelled IMUFFU IQISAIG.
 10413 | Lair:3   | Noticed a lindwurm
 10414 | Lair:3   | 10414 ||| INVOKING Finesse.
 10430 | Lair:3   | Killed a lindwurm
 10445 | Lair:3   | 10445 ||| FLEEEEING.
 10474 | Lair:3   | 10474 ||| FLEEEEING.
 10601 | Lair:3   | Reached XP level 12. HP: 60/60 MP: 20/20
 10657 | Lair:3   | Reached skill level 15 in Dodging
 10705 | Lair:3   | 10705 ||| READING scroll of enchant weapon.
 10705 | Lair:3   | 10705 ||| ENCHANTING +2 orcbow.
 10713 | Lair:3   | 10713 ||| RETREEEEATING.
 10714 | Lair:3   | 10714 ||| RETREEEEATING.
 10715 | Lair:3   | 10715 ||| RETREEEEATING.
 10716 | Lair:3   | 10716 ||| RETREEEEATING.
 10717 | Lair:3   | 10717 ||| RETREEEEATING.
 10718 | Lair:3   | 10718 ||| RETREEEEATING.
 10719 | Lair:3   | 10719 ||| RETREEEEATING.
 10720 | Lair:3   | 10720 ||| RETREEEEATING.
 10721 | Lair:3   | 10721 ||| RETREEEEATING.
 10725 | Lair:3   | 10725 ||| RETREEEEATING.
 10730 | Lair:3   | 10730 ||| RETREEEEATING.
 10731 | Lair:3   | 10731 ||| RETREEEEATING.
 10732 | Lair:3   | 10732 ||| RETREEEEATING.
 10733 | Lair:3   | 10733 ||| RETREEEEATING.
 10741 | Lair:3   | 10741 ||| RETREEEEATING.
 11180 | Lair:3   | 11180 ||| RETREEEEATING.
 11182 | Lair:3   | 11182 ||| RETREEEEATING.
 11185 | Lair:3   | 11185 ||| RETREEEEATING.
 11187 | Lair:3   | 11187 ||| RETREEEEATING.
 11189 | Lair:3   | 11189 ||| RETREEEEATING.
 11193 | Lair:3   | 11193 ||| RETREEEEATING.
 11198 | Lair:3   | 11198 ||| INVOKING Finesse.
 11461 | Lair:4   | Noticed a death yak
 11461 | Lair:4   | Noticed a death yak
 11461 | Lair:4   | Noticed a death yak
 11461 | Lair:4   | Noticed a death yak
 11462 | Lair:4   | 11462 ||| RETREEEEATING.
 11463 | Lair:4   | 11463 ||| RETREEEEATING.
 11464 | Lair:4   | 11464 ||| RETREEEEATING.
 11465 | Lair:4   | 11465 ||| RETREEEEATING.
 11466 | Lair:4   | 11466 ||| RETREEEEATING.
 11467 | Lair:4   | 11467 ||| RETREEEEATING.
 11468 | Lair:4   | 11468 ||| INVOKING Finesse.
 11477 | Lair:4   | 11477 ||| INVOKING Heroism.
 11480 | Lair:4   | Killed a death yak
 11480 | Lair:4   | Received a gift from Okawaru
 11492 | Lair:4   | Killed a death yak
 11493 | Lair:4   | Reached skill level 16 in Dodging
 11514 | Lair:4   | Killed a death yak
 11527 | Lair:4   | Killed a death yak
 11706 | Lair:4   | Noticed an eight-headed hydra
 11707 | Lair:4   | 11707 ||| INVOKING Finesse.
 11716 | Lair:4   | Killed an eight-headed hydra
 11787 | Lair:4   | Found a viscous altar of Jiyva.
 11788 | Lair:4   | Found a staircase to the Slime Pits.
 11923 | Lair:4   | Received a gift from Okawaru
 11953 | Lair:4   | 11953 ||| RETREEEEATING.
 11955 | Lair:4   | 11955 ||| RETREEEEATING.
 11961 | Lair:4   | 11961 ||| RETREEEEATING.
 11966 | Lair:4   | 11966 ||| INVOKING Finesse.
 12037 | Lair:4   | Reached skill level 17 in Dodging
 12038 | Lair:4   | Noticed a death yak
 12043 | Lair:4   | Noticed an eight-headed hydra
 12045 | Lair:4   | 12045 ||| INVOKING Finesse.
 12060 | Lair:4   | Killed a death yak
 12064 | Lair:4   | Killed an eight-headed hydra
 12065 | Lair:4   | Reached XP level 13. HP: 57/64 MP: 16/21
 12156 | Lair:4   | 12156 ||| INVOKING Finesse.
 12157 | Lair:4   | 12157 ||| INVOKING Heroism.
 12160 | Lair:4   | Reached skill level 6 in Fighting
 12204 | Lair:4   | 12204 ||| READING scroll of enchant weapon.
 12204 | Lair:4   | 12204 ||| ENCHANTING +3 orcbow.
 12289 | Lair:4   | 12289 ||| INVOKING Finesse.
 12422 | Lair:4   | 12422 ||| INVOKING Finesse.
 12423 | Lair:4   | 12423 ||| INVOKING Heroism.
 12831 | Lair:5   | Entered Level 5 of the Lair of Beasts
 12831 | Lair:5   | Found a gate leading to a gauntlet.
 12832 | Lair:5   | 12832 ||| PLANNING GAUNTLET
 12832 | Lair:5   | 12832 ||| STAIRDANCE
 12836 | Lair:5   | 12836 ||| STAIRDANCE
 12852 | Gauntlet | Entered a Gauntlet
 12852 | Gauntlet | Found a transporter.
 12852 | Gauntlet | Found a transporter.
 12852 | Gauntlet | Found a transporter.
 12856 | Gauntlet | Found a transporter.
 12856 | Gauntlet | Found a transporter.
 12866 | Gauntlet | Found a transporter.
 12932 | Gauntlet | Found a transporter.
 12942 | Gauntlet | Found a transporter.
 12958 | Gauntlet | Found a transporter.
 12968 | Gauntlet | Found a transporter.
 12983 | Gauntlet | Found a transporter.
 12989 | Gauntlet | Found a transporter.
 13055 | Gauntlet | 13055 ||| RETREEEEATING.
 13056 | Gauntlet | 13056 ||| Stepping randomly (stuck).
 13066 | Gauntlet | 13066 ||| Stepping randomly (stuck).
 13070 | Gauntlet | Reached skill level 18 in Dodging
 13074 | Gauntlet | HP: 16/65 [cyan ugly thing (5)]
 13074 | Gauntlet | HP: 1/65 [cyan ugly thing (15)]
 13075 | Gauntlet | 13075 ||| DRINKING 2 potions of heal wounds.
 13232 | Gauntlet | 13232 ||| RETREEEEATING.
 13237 | Gauntlet | 13237 ||| RETREEEEATING.
 13240 | Gauntlet | 13240 ||| RETREEEEATING.
 13263 | Gauntlet | 13263 ||| RETREEEEATING.
 13264 | Gauntlet | 13264 ||| RETREEEEATING.
 13265 | Gauntlet | 13265 ||| RETREEEEATING.
 13266 | Gauntlet | 13266 ||| RETREEEEATING.
 13270 | Gauntlet | 13270 ||| RETREEEEATING.
 13271 | Gauntlet | 13271 ||| RETREEEEATING.
 13272 | Gauntlet | 13272 ||| RETREEEEATING.
 13274 | Gauntlet | 13274 ||| RETREEEEATING.
 13275 | Gauntlet | 13275 ||| RETREEEEATING.
 13282 | Gauntlet | 13282 ||| RETREEEEATING.
 13283 | Gauntlet | 13283 ||| RETREEEEATING.
 13284 | Gauntlet | 13284 ||| RETREEEEATING.
 13285 | Gauntlet | 13285 ||| RETREEEEATING.
 13285 | Gauntlet | HP: 14/65 [wolf[a glowing orange brain] (8)]
 13286 | Gauntlet | 13286 ||| DRINKING potion of heal wounds.
 13287 | Gauntlet | 13287 ||| RETREEEEATING.
 13288 | Gauntlet | 13288 ||| RETREEEEATING.
 13445 | Gauntlet | Noticed a minotaur
 13446 | Gauntlet | 13446 ||| INVOKING Finesse.
 13472 | Gauntlet | HP: 16/65 [minotaur (6)]
 13478 | Gauntlet | Slain by a minotaur

Levels and vault maps discovered:
D:1:      arrival_aquarium_a, layout_basic,
          hellmonk_ecumenical_altar_inner_sanctum, minmay_misc_feat_square
D:2:      layout_rooms, minmay_tiny_reverse_x
D:3:      layout_loops_cross, mainiacjoe_overflow_alcove_2,
          mainiacjoe_overflow_catwalk_spiral, nicolae_overflow_ecumenical_swirl,
          serial_shops, shop, minmay_hedge_maze, grunt_decor_cap
D:4:      cheibrodos_old_hovel, layout_loops_ring, zin_academy,
          portal_sewer_entry_b, nzn_random_ring
D:5:      layout_rooms, lemuel_mausoleum_altar_yredelemnul,
          minmay_temple_entry_glass
D:6:      nicolae_cairo_tiling_large, layout_basic, uniq_pikel
D:7:      layout_basic, serial_glass, glass_columns_a, glass_columns_a,
          glass_columns_a, glass_columns_b, glass_columns_a, glass_columns_b,
          glass_columns_a, glass_columns_a, glass_columns_a, glass_columns_c,
          item_on_display_a, uniq_prince_ribbit1, uniq_maggie
D:8:      layout_rooms, regret_index_temple_of_mockery, serial_glass,
          glass_columns_c, glass_columns_b, serial_library_hellmonk_statue_hall,
          hangedman_misty_isle, uniq_erica
D:9:      layout_basic, lemuel_round_altar, serial_nicolae_subway,
          nicolae_sub_station_metal, nicolae_sub_station_crystal,
          nicolae_sub_station_stone
D:10:     gammafunk_cloud_chamber, layout_loops_corners, vehumet_altar_wand_db,
          erik_lair_island, kennysheep_orc_monster_closet_entryway
Lair:1:   layout_regular_city, infiniplex_staircase_pool_2, uniq_urug
Lair:2:   layout_chaotic_city, nicolae_shoals_entry_roost,
          nicolae_snake_entry_warm_welcome
Lair:3:   layout_regular_city
Lair:4:   nzn_winding_woodlands_medium [nzn_winding_woodlands_5x5_default,
          nzn_winding_woodlands_5x15_zeroes,
          nzn_winding_woodlands_5x5_checkerboard,
          nzn_winding_woodlands_5x5_perimeter,
          nzn_winding_woodlands_center_garden, nzn_winding_woodlands_hourglass,
          nzn_winding_woodlands_5x5_three, nzn_winding_woodlands_5x15_crooked,
          nzn_winding_woodlands_5x5_default], layout_hall_layers, slime_entry_1
Lair:5:   evilmike_catoblepas_cave, layout_cave_pods, gauntlet_entry_generic,
          minivault_11
Gauntlet: gammafunk_gauntlet_shortcut [nicolae_gauntlet_arena_flowing_pool,
          nicolae_gauntlet_arena_x, gammafunk_gauntlet_arena_mazey,
          gammafunk_gauntlet_arena_grid, nicolae_gauntlet_arena_grate_2,
          gammafunk_gauntlet_arena_teeth, dreamdust_gauntlet_exit_labyrinth]

Skill      XL: |  1  2  3  4  5  6  7  8  9 10 11 12 13 |
---------------+----------------------------------------+-----
Dodging        | 3 4 5 6 7 9 12 13 14 17 18 | 18.0
Ranged Weapons | 5 6 7 8 10 12 14 | 14.5
Fighting       | 2 3 4 5 6 |  6.0
Invocations    | 2 4 6 8 10 | 10.0
Stealth        | |  1.5

Action                     |  1- 3 |  4- 6 |  7- 9 | 10-12 | 13-15 || total
---------------------------+-------+-------+-------+-------+-------++-------
   Fire: Shortbow          |   117 |     9 |       |       |       ||   126
         Orcbow            |       |   116 |   301 |   823 |   240 ||  1480
 Invoke: Finesse           |       |       |     3 |    10 |     4 ||    17
         Heroism           |       |       |     1 |     1 |     2 ||     4
  Evoke: Wand              |       |       |     2 |       |       ||     2
    Use: Scroll            |     6 |    10 |     2 |     5 |     1 ||    24
         Potion            |     2 |     2 |     3 |     3 |     2 ||    12
 Armour: Robe              |    11 |    20 |    37 |    60 |    21 ||   149
  Dodge: Dodged            |    47 |    59 |   148 |   402 |   151 ||   807

Table legend:
 A = Non-vault XP
 B = Vault XP
 C = Vault XP percentage of total XP
 D = Non-vault monster count
 E = Vault monster count
 F = Vault count percentage of total count
                 A         B        C        D         E       F
            +---------+---------+-------+---------+---------+-------
      Total |   27400 |   20223 |  42.5 |     216 |     110 |  33.7
            +---------+---------+-------+---------+---------+-------
        D:1 |      29 |       0 |   0.0 |      14 |       0 |   0.0
        D:2 |      24 |       3 |  11.1 |      14 |       2 |  12.5
        D:3 |      82 |       0 |   0.0 |      16 |       0 |   0.0
        D:4 |     339 |     451 |  57.1 |      15 |      21 |  58.3
        D:5 |     598 |     678 |  53.1 |      15 |      12 |  44.4
        D:6 |     869 |     641 |  42.5 |      15 |       1 |   6.2
        D:7 |     525 |     679 |  56.4 |      13 |       2 |  13.3
        D:8 |    2567 |    1561 |  37.8 |      18 |       7 |  28.0
        D:9 |    1319 |       0 |   0.0 |      17 |       0 |   0.0
       D:10 |    1487 |    1833 |  55.2 |      16 |      28 |  63.6
     Lair:1 |    3293 |     796 |  19.5 |      12 |       1 |   7.7
     Lair:2 |    1351 |    1853 |  57.8 |       6 |       6 |  50.0
     Lair:3 |    6638 |       0 |   0.0 |      21 |       0 |   0.0
     Lair:4 |    8090 |    7775 |  49.0 |      23 |      24 |  51.1
     Lair:5 |     189 |       0 |   0.0 |       1 |       0 |   0.0
   Gauntlet |       0 |    3953 | 100.0 |       0 |       6 | 100.0
            +---------+---------+-------+---------+---------+-------
